 Dungeon Crawl Stone Soup version 0.30-a0-1114-gd936c97349 (webtiles) character file.

Game seed: 3487821689658253339

687 Warped the Sneak (level 7, -7/45 HPs)
             Began as an Octopode Venom Mage on Apr 21, 2023.
             Was an Initiate of Nemelex Xobeh.
             Killed from afar by a white imp (12 damage)
             ... with a puff of frost
             ... on level 5 of the Dungeon.
             The game lasted 00:18:15 (4545 turns).

Warped the Sneak (Octopode Venom Mage)              Turns: 4545, Time: 00:18:17

Health: -7/45      AC:  1    Str:  9    XL:     7   Next: 62%
Magic:  3/13       EV: 13    Int: 17    God:    Nemelex Xobeh [......]
Gold:   155        SH:  0    Dex: 13    Spells: 7/15 levels left

rFire   . . .      SeeInvis .    a - +2 dagger (freeze)
rCold   . . .      Faith    .    (no shield)
rNeg    . . .      Spirit   .    (helmet restricted)
rPois   .          Reflect  .    (no amulet)
rElec   .          Rampage  .    (no ring)
rCorr   .                        (no ring)
Will    .....                    (no ring)
Stlth   ++++                     (no ring)
HPRegen 0.27/turn                (no ring)
MPRegen 0.13/turn                (no ring)
                                 (no ring)
                                 (no ring)

@: very slightly contaminated
A: almost no armour, amphibious, 8 rings, camouflage 1, gelatinous body 1,
(nimble swimmer 1), tentacles
a: Renounce Religion, Draw Escape, Draw Destruction, Draw Summoning


You were on level 5 of the Dungeon.
You worshipped Nemelex Xobeh.
Nemelex Xobeh was noncommittal.
You visited 2 branches of the dungeon, and saw 6 of its levels.

You collected 155 gold pieces.

Inventory:

Hand Weapons
 a - a +2 dagger of freezing (weapon)
 e - a +0 short sword
 j - a +0 sling
 l - a +2 quarterstaff of chaos
 n - a +0 hammer
 p - a +0 halberd
Missiles
 b - 49 stones
Armour
 i - an orb of light
Magical Staves
 d - a staff of death
Wands
 o - a wand of polymorph (11)
Scrolls
 c - 3 scrolls of identify
 h - a scroll of amnesia
 k - 2 scrolls of teleportation
Potions
 f - 2 potions of magic
 g - 3 potions of mutation
 m - a potion of curing


   Skills:
 + Level 2.8 Fighting
 - Level 2.0 Dodging
 + Level 5.4 Stealth
 * Level 4.6 Spellcasting
 + Level 2.5 Conjurations
 + Level 1.1 Summonings
 - Level 1.0 Transmutations
 + Level 5.3 Poison Magic
 + Level 0.5 Invocations


You had 7 spell levels left.
You knew the following spells:

 Your Spells              Type           Power      Damage    Failure   Level
a - Sting                 Tmut/Pois      56%        1d5       4%          1
b - Poisonous Vapours     Pois/Air       26%        N/A       8%          2
c - Mephitic Cloud        Conj/Pois/Air  12%        N/A       16%         3
d - Call Imp              Summ           14%        N/A       14%         2

Your spell library contained the following spells:

 Spells                   Type           Power      Damage    Failure   Level
 Magic Dart               Conj           48%        1d5       5%          1
 Necrotise                Necr           12%        1d4       16%         1
 Olgreb's Toxic Radiance  Pois           22%        N/A       16%         4
 Vampiric Draining        Necr           3%         2d6       41%         3
 Agony                    Necr           3%         N/A       99%         5


Dungeon Overview and Level Annotations

Branches:
Dungeon (5/15)             Temple (1/1) D:4

Altars:
Ashenzari
Cheibriados
Dithmenos
Elyvilon
Fedhas
Gozag
Hepliaklqana
Kikubaaqudgha
Makhleb
Nemelex Xobeh
Qazlal
Ru
Trog
Uskayaw
Vehumet
Wu Jian
Xom
Yredelemnul
The Shining One

Annotations:
D:3 Pargi


Innate Abilities, Weirdness & Mutations

You cannot wear most types of armour.
You are amphibious.
You can wear up to eight rings at the same time.
Your skin changes colour to match your surroundings (Stealth+).
Your rubbery body absorbs attacks. (AC +1, EV +1)
((You are camouflaged when in or above water. (Stealth+)))
You have tentacles for arms and can constrict up to eight enemies at once.


Message History

Aim: an iguana (noxious fumes, lightly wounded, confused, very poisoned)
You miscast Poisonous Vapours.
Nothing appears to happen.
The iguana is engulfed in noxious fumes.
The iguana appears confused.
A white imp comes into view.
You hit the iguana.
The iguana seems to slow down.
You freeze the iguana. You grab the iguana.
The iguana is moderately wounded.
You constrict the iguana. You hit the iguana. You freeze the iguana.
You squeeze the iguana.
The iguana is heavily wounded.
You constrict the iguana. The iguana bites you!
You catch the helpless iguana completely off-guard!
You hit the iguana. You freeze the iguana.
You kill the iguana!
You hit the white imp but do no damage. Your grab misses the white imp.
Your squeeze misses the white imp. The white imp gestures at you.
The puff of frost hits you!
You closely miss the white imp. Your grab misses the white imp.
The white imp closely misses you.
You hit the white imp. Your grab misses the white imp.
You squeeze the white imp, but do no damage.
The white imp is moderately wounded.
The white imp gestures at you. The puff of frost hits you!
* * * LOW HITPOINT WARNING * * *
You hit the white imp but do no damage. You grab the white imp.
The white imp is moderately wounded.
You constrict the white imp. The white imp completely misses you.
Casting: Poisonous Vapours (safe; 8% risk of failure)
Confirm with . or Enter, or press ? or * to list all spells.
You can't see any susceptible monsters within range! (Use Z to cast anyway.)
You hit the white imp but do no damage. Your squeeze misses the white imp.
The white imp is heavily wounded.
You constrict the white imp, but do no damage.
The white imp gestures at you. The puff of frost hits you!
You die...
Your body disappears without a glow.

.. .## ###)
... .... #.#
#..###
###..####....
.......##.#..
#..#.#.#
#<.#.#5#
#...>#@#
#.##...#
...##.###
######.# ###


You could see a white imp.

Vanquished Creatures
  Grinder (D:3)
  A sky beast (D:4)
  Crazy Yiuf (D:3)
  A sleepcap (D:4)
  An iguana (D:5)
  4 orc wizards (D:4)
  4 gnolls (D:4)
  6 adders
  A worm (D:3)
  4 dart slugs
  5 orcs (D:4)
  3 ball pythons
  8 endoplasms
  4 giant cockroaches
  10 goblins
  9 hobgoblins
  7 jackals
  10 kobolds
  2 quokkas
  13 bats
  2 frilled lizards
  10 rats
107 creatures vanquished.

Vanquished Creatures (others)
  2 fungi (D:2)
  4 plants (D:2)
6 creatures vanquished.

Grand Total: 113 creatures vanquished

Notes
Turn   | Place    | Note
-------+----------+-------------------------------------------
     0 | D:1      | Warped the Octopode Venom Mage began the quest for the Orb.
     0 | D:1      | Reached XP level 1. HP: 11/11 MP: 3/3
   144 | D:1      | Reached XP level 2. HP: 18/18 MP: 0/5
   820 | D:2      | Reached XP level 3. HP: 22/22 MP: 3/6
   860 | D:2      | Reached skill level 1 in Fighting
   921 | D:2      | Learned a level 2 spell: Poisonous Vapours
   925 | D:2      | Learned a level 3 spell: Mephitic Cloud
  1195 | D:2      | Reached XP level 4. HP: 28/28 MP: 2/8
  1201 | D:2      | Found a faded altar of an unknown god.
  1785 | D:3      | Reached skill level 1 in Conjurations
  1934 | D:3      | Noticed Pargi
  1936 | D:3      | Noticed Grinder
  1945 | D:3      | HP: 1/28 [Pargi (4)]
  2259 | D:3      | Found an ancient bone altar of Kikubaaqudgha.
  2276 | D:3      | Reached XP level 5. HP: 22/33 MP: 7/9
  2353 | D:3      | Killed Grinder
  2354 | D:3      | Reached XP level 6. HP: 13/39 MP: 9/11
  2607 | D:3      | Found a runed translucent door.
  2608 | D:3      | Noticed Crazy Yiuf
  2687 | D:3      | Killed Crazy Yiuf
  2791 | D:4      | Noticed a sky beast
  2807 | D:4      | Killed a sky beast
  2808 | D:4      | Reached skill level 5 in Stealth
  2808 | D:4      | Reached skill level 5 in Poison Magic
  2808 | D:4      | Reached XP level 7. HP: 18/45 MP: 7/13
  3078 | D:4      | Learned a level 2 spell: Call Imp
  3143 | D:4      | Found an ornate altar of the Wu Jian Council.
  3623 | D:4      | Found a staircase to the Ecumenical Temple.
  3628 | Temple   | Entered the Ecumenical Temple
  3628 | Temple   | Found a transporter.
  3628 | Temple   | Found a transporter.
  3630 | Temple   | Found a transporter.
  3630 | Temple   | Found a transporter.
  3670 | Temple   | Became a worshipper of Nemelex Xobeh the Trickster
  4121 | D:4      | Reached skill level 1 in Summonings
  4522 | D:5      | Entered Level 5 of the Dungeon
  4545 | D:5      | Killed from afar by a white imp

Illustrated notes

Levels and vault maps discovered:
D:1:      psy_arrival_fountain, layout_basic
D:2:      layout_basic, shapermc_ecumenical_altar_acropolis
D:3:      layout_basic, mainiacjoe_overflow_concentric_impassable,
          chequers_serial_rivers_small_a, kennysheep_generic_room_9,
          uniq_grinder, uniq_pargi, uniq_crazy_yiuf_cottage
D:4:      layout_basic, nzn_wu_jian_council_hall, minmay_temple_entry_nine_rooms
D:5:      cheibrodos_helix_gallery, layout_basic, cheibrodos_sewer_entry_bend,
          uniq_ijyb
Temple:   hellmonk_temple_divided_pantheon

Skill      XL: |  1  2  3  4  5  6  7 |
---------------+----------------------+-----
Stealth        | 3 4 5 |  5.4
Fighting       | 1 2 |  2.8
Poison Magic   | 4 5 |  5.3
Spellcasting   | 3 4 |  4.6
Conjurations   | 1 2 |  2.5
Summonings     | 1 |  1.1
Dodging        | |  2.0
Transmutations | |  1.0
Invocations    | |  0.5

Action                     |  1- 3 |  4- 6 |  7- 9 || total
---------------------------+-------+-------+-------++-------
  Melee: Unarmed           |    15 |       |       ||    15
         Tentacles         |     8 |    12 |    13 ||    33
         Constrict         |     7 |    12 |    15 ||    34
         Short sword       |     1 |       |       ||     1
         Punch             |     1 |       |       ||     1
         Dagger            |    29 |    79 |    56 ||   164
   Cast: Sting             |    48 |    13 |     1 ||    62
         Poisonous Vapours |       |    13 |    44 ||    57
         Mephitic Cloud    |       |       |     4 ||     4
    Use: Scroll            |     1 |     9 |       ||    10
         Potion            |       |     4 |     2 ||     6
   Stab: Sleeping          |     3 |     9 |     1 ||    13
         Invisible         |       |     2 |       ||     2
         Confused          |       |       |     2 ||     2
         Distracted        |       |       |     1 ||     1
 Armour: Skin              |     7 |     6 |     4 ||    17
  Dodge: Dodged            |    47 |    51 |    41 ||   139

Table legend: (Time is in decaauts)
 A = Elapsed time spent in this place.
 B = Non-inter-level travel time spent in this place.
 C = Inter-level travel time spent in this place.
 D = Time resting spent in this place.
 E = Time spent auto-exploring this place.
 F = Levels seen in this place.
 G = Mean time per level.
                   A        B        C        D        E       F      G
               +--------+--------+--------+--------+--------+-----+--------+
         Total |   4524 |   4352 |    172 |    347 |   2965 |   6 |  754.0 |
       Dungeon |   4465 |   4307 |    158 |    347 |   2960 |   5 |  893.0 |
        Temple |     58 |     44 |     14 |      0 |      5 |   1 |   58.0 |
               +--------+--------+--------+--------+--------+-----+--------+

Top non-repeatable levels by time:
     D:4: 1691 daAuts
     D:3: 1052 daAuts
     D:2: 890 daAuts
     D:1: 809 daAuts
  Temple: 58 daAuts
     D:5: 22 daAuts
